[Event "GER-chT Youth Countries 2018"]
[Site "Wurzburg"]
[Date "2018.10.06"]
[Round "6"]
[White "Yankelevich, Michael"]
[Black "Evering, Soeren"]
[Result "1-0"]
[ECO "C58"]
[WhiteElo "1961"]
[BlackElo "1854"]
[Annotator "NA RC"]
[PlyCount "114"]
[EventDate "2018.10.03"]
[EventType "team-tourn"]
[EventCountry "GER"]
[SourceTitle "playchess.com"]
[Source "ChessBase"]
[SourceQuality "1"]
[TimeControl "40/5400+30:1800+30"]

1. e4 e5 2. Nf3 Nc6 3. Bc4 Nf6 4. Ng5 d5 5. exd5 Na5 6. Bb5+ c6 7. dxc6 bxc6 8. Bd3 Be7 {[%emt 0:13:55] C58: Zweispringerspiel (Klassisches System)} (8... Nd5 9. Nf3 Bd6 10. O-O O-O 11. Re1 f5 12. Nxe5 Qf6 13. Nf3 g5 14. g3 f4 15. Nc3 fxg3 16. hxg3 Nxc3 17. dxc3 {½-½ (52) Kovalev,V (2639)-Demchenko,A (2660) Riadh 2017}) 9. O-O O-O 10. Nc3 {[%emt 0:01:40] LiveBook: 8 Games} h6 11. Nge4 Nd5 12. Ng3 f5 13. Be2 Be6 14. d3 Nxc3 $146 ({Vorgänger:} 14... Rb8 15. Bf3 Qc7 16. Re1 Kh7 17. Bxd5 cxd5 {0-1 (59) Carrasco Fernandez,D (1799)-Quinones Mena,J (1954) Chile 2010}) 15. bxc3 Qd6 16. a4 Rfd8 (16... Qc7 $14) 17. Bf3 Rab8 18. Qe2 Bf6 19. Ba3 Qd7 (19... c5 $16 {kämpft weiter.}) 20. Nh5 Qf7 21. Bb4 $18 Nb7 22. Bxc6 a5 23. Ba3 Rdc8 24. Bxb7 Rxb7 25. Nxf6+ Qxf6 26. Bd6 e4 27. Rfe1 Bd5 28. c4 Qxd6 29. cxd5 Qxd5 30. dxe4 Qxe4 31. Qa6 Qc6 32. Qxa5 Qxc2 33. Qd5+ Rf7 34. a5 Qc6 35. Qd3 Qd7 36. Qb3 Qb7 37. Qa2 Kh8 38. a6 Qa7 39. Qe6 Qd7 40. Qb3 Qa7 41. Qa4 Qd7 42. Qb4 Qa7 43. h3 Rb8 44. Qd6 Rb6 45. Re8+ Kh7 46. Qd3 Rff6 47. Qe3 Rf7 48. Ra8 Qxa8 49. Qxb6 Qa7 50. Qxa7 Rxa7 51. Kf1 Kg6 52. Ke2 Kf6 53. Kd3 Ke7 54. Kc4 Kd8 55. Kb5 Kc8 56. Kb6 Kb8 57. Re1 Rc7 1-0

[Event "GER-chT Youth Countries 2018"]
[Site "Wurzburg"]
[Date "2018.10.06"]
[Round "6"]
[White "Hommel, Niclas"]
[Black "Wu, Luka"]
[Result "1-0"]
[ECO "B90"]
[WhiteElo "1915"]
[BlackElo "2001"]
[Annotator "NA RC"]
[PlyCount "71"]
[EventDate "2018.10.03"]
[EventType "team-tourn"]
[EventCountry "GER"]
[SourceTitle "playchess.com"]
[Source "ChessBase"]
[SourceQuality "1"]
[TimeControl "40/5400+30:1800+30"]

1. e4 c5 2. Nf3 d6 3. d4 cxd4 4. Nxd4 Nf6 5. Nc3 a6 6. f3 e5 7. Nb3 Be7 8. Be3 b5 9. Qd2 Be6 10. O-O-O (10. a4 $5 ) 10... O-O 11. g4 b4 12. Nd5 Bxd5 13. exd5 a5 $1 14. Kb1 (14. Nc5 $5) 14... Qc7 {[%emt 0:02:56] LiveBook: 61 Games B90: Sicilian Najdorf: Unusual White 6th moves, 6 Be3 Ng4 and 6 Be3 e5} (14... Nbd7 15. Bb5 Nb6 16. Bc6 Nc4 17. Qe2 Nxe3 18. Qxe3 Ra6 19. f4 a4 20. Nc1 Nd7 21. Nd3 exf4 22. Qxf4 {0-1 (49) Vera Siguenas,D (2526)-Delgado Ramirez,N (2613) Medellin 2017}) 15. h4 Nfd7 16. h5 Na6 17. g5 (17. Bb5 $16) 17... f5 {[%emt 0:01:12] [#]} (17... a4 $14 18. Nc1 a3) 18. g6 $1 $146 ({Predecessor:} 18. gxf6 Bxf6 19. Bd3 a4 20. Nc1 a3 21. b3 e4 22. Bxe4 Ndc5 23. Bd4 Nxe4 24. fxe4 {1-0 (43) Triapkin,P (2346)-Gichurkin,S (2225) Uljanovsk 2007}) 18... f4 {[%emt 0:22:46] [#]} (18... a4 $16) 19. gxh7+ $2 ({White has to play} 19. h6 $1 $18 fxe3 20. Qh2) 19... Kh8 $1 20. Bf2 Nac5 (20... a4 $11 {keeps the balance.} 21. Nc1 a3) 21. Nxc5 Nxc5 22. Bxc5 (22. Bb5 $16) 22... Qxc5 23. Bd3 Rfb8 24. Be4 a4 25. Rdg1 Bf6 26. Rg6 b3 (26... a3 $14 27. h6 Rb7 28. hxg7+ Bxg7) 27. cxb3 axb3 28. a3 Ra4 29. h6 Rc4 $2 (29... Qe3 30. Qe1 Qxe1+ 31. Rxe1 Ra7 32. hxg7+ Bxg7 33. Rxd6 Bf8) 30. hxg7+ Bxg7 31. Rxg7 Kxg7 {[%emt 0:01:43] [#]} 32. h8=Q+ $1 Rxh8 33. Qg2+ Kf8 34. Rxh8+ Kf7 35. Qg6+ Ke7 36. Qg7# 1-0

[Event "GER-chT Youth Countries 2018"]
[Site "Wurzburg"]
[Date "2018.10.06"]
[Round "6"]
[White "Ley, Sabrina"]
[Black "Block, Timo"]
[Result "1/2-1/2"]
[ECO "C15"]
[WhiteElo "1902"]
[BlackElo "1777"]
[Annotator "NA RC"]
[PlyCount "48"]
[EventDate "2018.10.03"]
[EventType "team-tourn"]
[EventCountry "GER"]
[SourceTitle "playchess.com"]
[Source "ChessBase"]
[SourceQuality "1"]
[TimeControl "40/5400+30:1800+30"]

1. e4 e6 2. d4 d5 3. Nc3 Bb4 4. Bd3 c5 5. exd5 exd5 6. dxc5 d4 {[%emt 0:01:15] LiveBook: 7 Partien} 7. Bb5+ {[%emt 0:17:23] C01: French: Exchange Variation} (7. a3 Ba5 8. b4 dxc3 9. bxa5 Qxa5 10. Be3 Nf6 11. Qb1 O-O 12. Ne2 Nd5 13. Qb5 Qc7 14. Bc1 Nd7 15. Bxh7+ Kxh7 {0-1 (44) Getz,N (2276)-Ponkratov,P (2592) Plovdiv 2010}) 7... Nc6 8. a3 Bxc5 9. Qe2+ $146 ({Predecessor:} 9. Ne4 Qa5+ 10. b4 Bxb4+ 11. c3 Bxc3+ 12. Nxc3 dxc3 13. Qa4 Qxa4 14. Bxa4 {0-1 (21) Burbach,B (1318)-Cheon,S (1507) Batumi 2016}) 9... Be7 10. Ne4 Bf5 11. Bd2 Qd5 12. f3 Be6 13. Nh3 a6 14. Bd3 Bxh3 $1 15. gxh3 Ne5 16. Bf4 f5 17. Bxe5 Qxe5 18. Ng3 Qxe2+ 19. Nxe2 g6 20. Nxd4 Bf6 21. c3 O-O-O 22. O-O-O Ne7 $14 ({Black should try} 22... Bxd4 $15 23. cxd4 Nf6) 23. Ne6 Rd6 24. Bc4 Rc6 1/2-1/2

[Event "GER-chT Youth Countries 2018"]
[Site "Wurzburg"]
[Date "2018.10.06"]
[Round "6"]
[White "Ratay, Meike"]
[Black "Halas, Julia"]
[Result "1-0"]
[ECO "C05"]
[WhiteElo "1887"]
[BlackElo "1972"]
[Annotator "NA RC"]
[PlyCount "93"]
[EventDate "2018.10.03"]
[EventType "team-tourn"]
[EventCountry "GER"]
[SourceTitle "playchess.com"]
[Source "ChessBase"]
[SourceQuality "1"]
[TimeControl "40/5400+30:1800+30"]

1. e4 e6 2. d4 d5 3. Nd2 Nf6 4. e5 Nfd7 5. c3 c5 6. f4 Nc6 7. Ndf3 cxd4 8. cxd4 Qb6 9. a3 a5 10. b3 {[%emt 0:00:16] C05: Französische Verteidigung (Tarrasch-Variante)} Be7 {[%emt 0:06:56] LiveBook: 20 Games} 11. h4 Qd8 $146 ({Vorgänger:} 11... f5 12. h5 O-O 13. Ne2 Ndb8 14. Rg1 Bd7 15. g4 Na6 16. gxf5 exf5 {½-½ (34) Delchev,A (2648)-Iotov,V (2581) Sunny Beach 2009}) 12. g4 b6 (12... a4 $11 {remains equal.}) 13. Bd3 Ba6 14. Bb1 (14. Ne2 $16) 14... a4 15. b4 Bc4 16. Be3 b5 17. Ne2 Nb6 18. Ng3 Bb3 19. Qe2 Nc4 20. Kf2 Qb6 21. Bd3 O-O-O 22. f5 Rdf8 23. Kg2 Kb7 24. Rhf1 Bd8 25. Nh5 g6 26. Nf4 gxf5 27. gxf5 Ne7 (27... Ka8 $11) 28. fxe6 (28. f6 $14) 28... fxe6 29. Ng5 Nf5 30. Bxf5 exf5 31. Nge6 ({Wrong is} 31. Nxd5 $2 Qc6 $19) 31... Rfg8+ 32. Kh3 Nxe3 33. Qxe3 Rg4 $1 34. Nxd8+ Qxd8 35. Qf2 Rhg8 (35... Bc2 $1 $11 {keeps the balance.}) 36. Rg1 Qc7 37. Rac1 Bc4 38. Rxg4 fxg4+ 39. Kg3 Qe7 40. Qe3 Rg7 41. Rc2 Qe8 42. Rf2 h5 43. Ng2 Qg6 44. Rf6 $18 Qh7 45. Qh6 Qd3+ 46. Ne3 Rd7 47. Rb6+ 1-0

[Event "GER-chT Youth Countries 2018"]
[Site "Wurzburg"]
[Date "2018.10.06"]
[Round "6"]
[White "Riegel, Arinna"]
[Black "Schnabel, Luise"]
[Result "1/2-1/2"]
[ECO "A05"]
[WhiteElo "1881"]
[BlackElo "1753"]
[Annotator "NA RC"]
[PlyCount "57"]
[EventDate "2018.10.03"]
[EventType "team-tourn"]
[EventCountry "GER"]
[SourceTitle "playchess.com"]
[Source "ChessBase"]
[SourceQuality "1"]
[TimeControl "40/5400+30:1800+30"]

1. Nf3 Nf6 2. g3 e6 3. Bg2 Be7 4. O-O d5 5. d4 O-O 6. c4 c6 7. Qc2 Na6 8. a3 {[%emt 0:01:25] LiveBook: 7 Games E06: Closed Catalan: Early deviations} Ne4 9. Bf4 $146 ({Predecessor:} 9. b4 Nc7 10. Nc3 Nxc3 11. Qxc3 a5 12. bxa5 {½-½ (52) Wells,P (2489)-Radulski,J (2556) Penarth 2011}) 9... Nc7 10. Nc3 Nxc3 11. Qxc3 Bf6 12. Be5 Ne8 13. Rac1 Nd6 14. Bxf6 Qxf6 15. c5 Ne4 16. Qd3 Qe7 17. Ne5 f6 18. Nf3 (18. Nc4 $1 $14) 18... e5 19. b4 g5 20. e3 Bf5 21. Qe2 Rae8 22. dxe5 fxe5 23. Nd2 Nxd2 24. Qxd2 Bg6 25. Rcd1 Rf7 26. Qa2 $15 Kh8 27. Qb2 Kg8 28. Qa2 Kh8 29. Qb2 1/2-1/2

[Event "GER-chT Youth Countries 2018"]
[Site "Wurzburg"]
[Date "2018.10.06"]
[Round "6"]
[White "Bui, Ngoc Han Julia"]
[Black "Zeuner, Ole"]
[Result "0-1"]
[ECO "C74"]
[WhiteElo "1876"]
[BlackElo "1865"]
[Annotator "NA RC"]
[PlyCount "44"]
[EventDate "2018.10.03"]
[EventType "team-tourn"]
[EventCountry "GER"]
[SourceTitle "playchess.com"]
[Source "ChessBase"]
[SourceQuality "1"]
[TimeControl "40/5400+30:1800+30"]

1. e4 e5 2. Nf3 Nc6 3. Bb5 a6 4. Ba4 d6 5. c3 f5 6. exf5 Bxf5 {[%emt 0:00:09] LiveBook: 266 Games} 7. d3 {[%emt 0:02:16] C74: Ruy Lopez: Deferred Steinitz: 5 c3 f5} (7. O-O $16) (7. d4 e4 8. Nfd2 Nf6 9. Nf1 Be7 10. Bg5 O-O 11. Ne3 Bg6 12. Nd2 Kh8 13. O-O b5 14. Bb3 Na5 15. Be6 c6 16. Bxf6 Rxf6 {0-1 (49) Malakhov,V (2686)-Fressinet,L (2662) Riadh 2017}) 7... Be7 8. O-O Nf6 9. Re1 O-O $1 10. Bb3+ Kh8 11. d4 $146 ({Predecessor:} 11. Ng5 d5 12. Qf3 Ng4 13. Nh3 Bh4 14. Rf1 e4 15. dxe4 {0-1 (36) Bedalli,E-Gjergji,R (1938) Durres 2013}) 11... e4 12. Ng5 d5 13. f3 h6 14. g4 $2 (14. fxe4 $17 Bg4 15. Qd2) 14... Bd7 ({Inferior is} 14... hxg5 15. gxf5 exf3 16. Qxf3 $11) 15. Nh3 exf3 16. Nf4 $2 (16. Qxf3 Bxg4 17. Qg2) 16... Bxg4 17. Qc2 {[%emt 0:03:18] [#]} Bf5 $1 18. Qf2 $2 (18. Qxf5 f2+ 19. Kf1 fxe1=R+ 20. Kxe1) 18... g5 19. Qxf3 gxf4 20. Qxf4 Ng4 21. h3 Bg5 22. Qg3 Bh4 $19 0-1

[Event "GER-chT Youth Countries 2018"]
[Site "Wurzburg"]
[Date "2018.10.06"]
[Round "6"]
[White "Browning, Rebecca"]
[Black "Laux, Dominik"]
[Result "0-1"]
[ECO "B13"]
[WhiteElo "1873"]
[BlackElo "1987"]
[Annotator "NA RC"]
[PlyCount "96"]
[EventDate "2018.10.03"]
[EventType "team-tourn"]
[EventCountry "GER"]
[SourceTitle "playchess.com"]
[Source "ChessBase"]
[SourceQuality "1"]
[TimeControl "40/5400+30:1800+30"]

1. e4 c6 2. d4 d5 3. exd5 cxd5 4. Bd3 Nc6 5. c3 Nf6 6. Nf3 Bg4 7. h3 Bh5 8. Bf4 e6 {[%emt 0:01:31] LiveBook: 9 Games} 9. Nbd2 Bg6 10. Bxg6 hxg6 11. Qb3 Qc8 12. O-O Be7 13. Rae1 O-O 14. Re3 a6 15. Ne5 b5 16. a3 Ra7 17. Rfe1 Na5 18. Qd1 Rb7 19. Rf3 Nc4 20. Ndxc4 bxc4 21. Bc1 Rb3 22. h4 Bd6 23. Rh3 Re8 (23... Nh7 $14) 24. g4 Kf8 {[%emt 0:02:38] [#]} (24... Bxe5 $11 25. Rxe5 Ne4) 25. g5 $2 (25. h5 $1 $16) 25... Bxe5 26. dxe5 Nd7 27. Qc2 (27. h5 $11 {keeps the balance.}) 27... Ke7 28. Ree3 (28. h5 $17 {war einen Versuch wert.}) 28... Rh8 29. Qd2 Nc5 30. Ref3 Nd3 31. Rxd3 cxd3 32. Qxd3 Qc4 33. Qe3 Rb7 34. f4 Rd7 35. Kf2 d4 36. Qe4 Rc8 37. Qc2 dxc3 38. Rxc3 Qd4+ 39. Be3 Rxc3 40. bxc3 Qc4 41. Qb2 Qc6 42. Qb4+ Ke8 43. Qb8+ Rd8 44. Qb4 Rc8 45. Bd4 Qb5 46. Ke3 Rc4 $19 47. Qd6 a5 48. Kd2 Rc6 0-1

[Event "GER-chT Youth Countries 2018"]
[Site "Wurzburg"]
[Date "2018.10.06"]
[Round "6"]
[White "Koenze, Heike"]
[Black "Reuter, Elisa"]
[Result "1-0"]
[ECO "A15"]
[WhiteElo "1845"]
[BlackElo "1786"]
[Annotator "NA RC"]
[PlyCount "97"]
[EventDate "2018.10.03"]
[EventType "team-tourn"]
[EventCountry "GER"]
[SourceTitle "playchess.com"]
[Source "ChessBase"]
[SourceQuality "1"]
[TimeControl "40/5400+30:1800+30"]

1. c4 Nf6 2. g3 g6 3. Bg2 d5 4. d4 c6 5. cxd5 cxd5 6. Nc3 {[%emt 0:01:25] D71: Fianchetto Grünfeld: 3 g3 d5 sidelines and 5 cxd5 (without Nf3)} Nc6 7. Bg5 Bg7 8. e3 e6 (8... Ne4 $5 9. Bf4 h6 $11) 9. Nge2 h6 $146 ({Predecessor:} 9... O-O 10. O-O h6 11. Bxf6 Qxf6 12. Rc1 Bd7 13. Nf4 Qe7 {0-1 (45) Shabalov,A (2622)-Svidler,P (2763) Odessa 2008}) 10. Bf4 g5 11. Be5 $1 Nxe5 12. dxe5 Nd7 13. f4 a6 14. a4 Qa5 ({Lieber} 14... Qb6 $14) 15. Rb1 Qb4 16. Qd4 Qxd4 17. exd4 Rb8 (17... Nb8 $11 {remains equal.}) 18. Rc1 Bf8 19. O-O Nb6 20. b3 Bd7 21. Nd1 Nc8 22. Ne3 Ne7 (22... b5 $11) 23. Rc7 $2 (23. Bf3 $14) 23... Nc6 ({Black should try} 23... Bc6 $19 24. Bf3 Kd8 25. Rxe7 Bxe7) 24. fxg5 (24. Bh3 $1 $15) 24... hxg5 25. Ng4 {[%emt 0:00:18] [#]} (25. h4 $17 {was the only defense.}) 25... Kd8 (25... Be7 $1 $19 26. Nf6+ Bxf6 27. Rxf6 Kd8 28. Rxd7+ Kxd7 29. Rxf7+ Ne7) 26. Rxd7+ Kxd7 27. Rxf7+ Ke8 28. Rf6 $1 Kd7 29. Rf7+ Ke8 30. Rf6 {[%emt 0:00:07] [#]} Nd8 $1 31. Rg6 Be7 32. Nh6 Rc8 33. Bf3 Kd7 (33... Rc2 $19 34. Ng8 Bf8 35. Rxg5 Kf7) 34. Bg4 Rc6 35. Ng8 Rh7 36. Nxe7 Rxe7 ({Black should play} 36... Kxe7 $15 37. Rxg5 Rb6) 37. Rxg5 Rb6 {[%emt 0:00:17] [#]} (37... Rf7 $11 {remains equal.}) 38. Nf4 $1 Rxb3 39. Nxd5 $1 Rf7 40. Nf6+ Kc7 41. d5 Rb1+ 42. Kg2 Rb2+ 43. Kh3 (43. Kf1 $14 exd5 44. Rg8) 43... exd5 44. Nxd5+ Kc6 45. Nf4 Re7 $2 (45... Rh7+ $11 46. Bh5 Kd7) 46. Rg6+ Ne6 47. Bxe6 Rh7+ 48. Kg4 Kc7 $18 49. Nd5+ 1-0

[Event "GER-chT Youth Countries 2018"]
[Site "Wurzburg"]
[Date "2018.10.06"]
[Round "6"]
[White "Bashylina, Luisa"]
[Black "Werner, Rosalie"]
[Result "1-0"]
[ECO "A08"]
[WhiteElo "1837"]
[BlackElo "1566"]
[Annotator "NA RC"]
[PlyCount "61"]
[EventDate "2018.10.03"]
[EventType "team-tourn"]
[EventCountry "GER"]
[SourceTitle "playchess.com"]
[Source "ChessBase"]
[SourceQuality "1"]
[TimeControl "40/5400+30:1800+30"]

1. e4 e6 2. d3 d5 3. Nd2 Nf6 4. Ngf3 c5 5. g3 Nc6 6. Bg2 Be7 7. O-O O-O 8. Re1 Qc7 9. Nf1 {[%emt 0:01:15] C00: French: Unusual White 2nd moves} (9. e5 Nd7 10. Qe2 b5 11. Nf1 Bb7 12. Bf4 Rfc8 13. Ne3 Qd8 14. h4 h6 15. c3 b4 16. c4 Nb6 17. Rad1 Rc7 18. Ng4 Qf8 19. Qe3 Nd4 20. Nxd4 cxd4 {0-1 (44) Svidler,P (2760)-Kramnik,V (2800) Moscow 2018}) 9... Rd8 10. e5 Nd7 11. Bf4 Nf8 12. g4 Ng6 13. Bg3 $1 h6 $146 ({Predecessor:} 13... b5 14. h4 Bb7 15. h5 Nf8 16. Qd2 d4 {0-1 (37) Griffe,D (1728)-Tatard,M (1905) France 2007}) 14. Qe2 b6 15. N3d2 (15. c3 $11 {remains equal.}) 15... Nd4 ({Black should try} 15... Bg5 $17 16. Nf3 Nf4) 16. Qd1 Bh4 17. f4 Qe7 18. c3 Nc6 19. Nf3 Bxg3 20. hxg3 Qc7 21. Rc1 Bd7 22. d4 c4 (22... Rac8 $16 {ist wohl besser.}) 23. Ne3 Qc8 (23... Nce7 $142 24. Kf2 b5) 24. Rf1 Nge7 (24... Nce7 $142 25. Qc2 Qa6) 25. Nh4 g6 26. Qc2 Kh7 27. Bh3 Rf8 28. f5 g5 $2 (28... Qc7 29. Kh2 Rg8 30. fxg6+ fxg6 31. Rf7+ Rg7) 29. fxe6+ Ng6 30. exd7 Qxd7 31. Nhf5 $18 1-0

[Event "GER-chT Youth Countries 2018"]
[Site "Wurzburg"]
[Date "2018.10.06"]
[Round "6"]
[White "Moenster, Madita"]
[Black "Musiolik, David"]
[Result "1-0"]
[ECO "C11"]
[WhiteElo "1817"]
[BlackElo "2057"]
[Annotator "NA RC"]
[PlyCount "66"]
[EventDate "2018.10.03"]
[EventType "team-tourn"]
[EventCountry "GER"]
[SourceTitle "playchess.com"]
[Source "ChessBase"]
[SourceQuality "1"]
[TimeControl "40/5400+30:1800+30"]

1. e4 e6 2. d4 d5 3. Nc3 Nf6 4. e5 Nfd7 5. f4 c5 6. Nf3 Nc6 7. Be3 cxd4 8. Nxd4 {[%emt 0:04:58] LiveBook: 2066 Games} Bc5 9. Qd2 a6 10. Nb3 {[%emt 0:20:00] C11: Französische Verteidigung} (10. O-O-O O-O 11. Qf2 Bxd4 12. Bxd4 b5 13. Be3 b4 14. Na4 a5 15. h4 Ba6 16. h5 Qc7 17. h6 g6 18. g4 Bxf1 19. Rhxf1 f5 20. exf6 Nxf6 {1-0 (35) Volokitin,A (2677)-Dizdar,G (2509) Austria 2017}) 10... Bxe3 11. Qxe3 f6 {[%emt 0:03:03] [#]} (11... Ndxe5 $11 {keeps the balance.} 12. fxe5 d4 13. Nxd4 Qxd4 14. Qxd4 Nxd4) 12. exf6 $1 Nxf6 13. O-O-O O-O 14. Kb1 $146 ({Vorgänger:} 14. Be2 Qd6 15. Bf3 Bd7 16. g3 Rac8 17. Rhe1 b5 {1-0 (59) Masberg,S (2099)-Weyh,T (1980) Germany 2009}) 14... b5 15. g3 Na5 16. Nxa5 Qxa5 17. Bh3 Re8 18. Rhe1 Bd7 19. Qf3 Rac8 20. g4 $2 (20. f5 $14 {keeps the upper hand.}) 20... b4 21. Ne2 Qb6 (21... Ne4 $17 22. Nd4 Rf8) 22. Ng3 Ba4 ({Better is} 22... Rc3 $11 23. Qe2 Ba4) 23. b3 Bc6 24. Qd3 Nd7 25. g5 Nc5 26. Qd4 g6 27. Bxe6+ Rxe6 28. Rxe6 Rc7 29. f5 Qb5 30. Rd6 Nb7 31. Rf6 Rg7 32. Qe5 Nd8 33. Qd6 $18 Kh8 1-0

[Event "GER-chT Youth Countries 2018"]
[Site "Wurzburg"]
[Date "2018.10.06"]
[Round "6"]
[White "Werner, Denis"]
[Black "Farokhi, Keyvan"]
[Result "1/2-1/2"]
[ECO "C47"]
[WhiteElo "1817"]
[BlackElo "1855"]
[Annotator "NA RC"]
[PlyCount "63"]
[EventDate "2018.10.03"]
[EventType "team-tourn"]
[EventCountry "GER"]
[SourceTitle "playchess.com"]
[Source "ChessBase"]
[SourceQuality "1"]
[TimeControl "40/5400+30:1800+30"]

1. e4 e5 2. Nf3 Nc6 3. Nc3 Nf6 4. d4 exd4 5. Nxd4 Bb4 6. Nxc6 bxc6 7. Bd3 d5 8. exd5 cxd5 9. O-O O-O 10. Bg5 c6 11. Qf3 ({But not} 11. Bxf6 Qxf6 12. Ne2 Bd6 $17) 11... Be7 12. h3 Rb8 13. Na4 {[%emt 0:02:32] C47: Scotch Four Knights and Four Knights with 4 g3} ({Of course not} 13. Bxf6 Bxf6 14. Rab1 Qd6 $17) 13... h6 14. Bf4 Bd6 {[%emt 0:00:25] LiveBook: 3 Games} 15. Bxd6 (15. b3 Be6 16. Rad1 c5 17. Nc3 d4 18. Ne4 Bxf4 19. Qxf4 Nxe4 20. Qxe4 {1-0 (78) Werner,D (1772)-Farokhi,K (1845) Willingen 2018}) 15... Qxd6 16. b3 Be6 17. Nc3 $146 ({Predecessor:} 17. Qe3 d4 18. Qg3 Qxg3 19. fxg3 Nd5 20. Nc5 Rbd8 {1-0 (47) Gajek,R (2434)-Binder,M (2143) Vienna 2016}) 17... c5 18. Rad1 d4 19. Ne4 Nxe4 20. Qxe4 f5 21. Qe2 Rbe8 22. Bb5 Re7 23. Rfe1 Rff7 24. Bc4 Bxc4 25. Qxc4 Kf8 26. b4 Rxe1+ 27. Rxe1 Re7 28. Rxe7 Qxe7 29. Kf1 (29. bxc5 $16 Qe1+ 30. Qf1) 29... cxb4 30. Qc8+ $11 Kf7 31. Qxf5+ Qf6 32. Qc8 1/2-1/2

[Event "GER-chT Youth Countries 2018"]
[Site "Wurzburg"]
[Date "2018.10.06"]
[Round "6"]
[White "Fock, Amina"]
[Black "Doll, Rebecca"]
[Result "0-1"]
[ECO "C74"]
[WhiteElo "1816"]
[BlackElo "1722"]
[Annotator "NA RC"]
[PlyCount "52"]
[EventDate "2018.10.03"]
[EventType "team-tourn"]
[EventCountry "GER"]
[SourceTitle "playchess.com"]
[Source "ChessBase"]
[SourceQuality "1"]
[TimeControl "40/5400+30:1800+30"]

1. e4 e5 2. Nf3 Nc6 3. Bb5 a6 4. Ba4 d6 5. c3 f5 {[%emt 0:00:06] [#]} 6. d4 {[%emt 0:09:49] LiveBook: 11 Games} (6. exf5 $1 $16 Bxf5 7. O-O) 6... fxe4 7. d5 {[%emt 0:10:18] C74: Ruy Lopez: Deferred Steinitz: 5 c3 f5} (7. Nxe5 $11 {keeps the balance.} dxe5 8. Qh5+ Ke7 9. Bxc6 bxc6 10. Qg5+ (10. Qxe5+ $2 Kf7 $19) 10... Kd7 11. Qf5+ Ke8 12. Qh5+ Ke7 13. Qg5+ Ke8 14. Qh5+ Kd7 15. Qf5+ Ke8 16. Qh5+) (7. Ng5 exd4 8. Nxe4 Nf6 9. Nxf6+ Qxf6 10. O-O Be7 11. cxd4 O-O 12. Be3 Qg6 13. Bc2 Bf5 14. Bxf5 Qxf5 15. Qb3+ {1-0 (25) Caruana,F (2811)-Adhiban,B (2655) chess.com INT 2018}) 7... exf3 8. dxc6 b5 9. Bc2 Bg4 $146 ({Predecessor:} 9... Nf6 10. Qxf3 Be7 11. Bg5 O-O 12. Nd2 Be6 13. Bxf6 Rxf6 14. Qd3 g6 15. h4 d5 16. Qe3 Qf8 17. Nf3 Bc5 18. Qxe5 Bd6 19. Qd4 Bc5 20. Qe5 Bd6 21. Qd4 {½-½ (21) Lisi,S (1964)-Pompili,U (1843) Viterbo 2009}) 10. g3 Qf6 (10... d5 $17 11. h3 Bh5) 11. Be4 {[%emt 0:12:25] [#]} Rd8 (11... d5 $1 $17 12. Qxd5 Rd8) 12. Nd2 d5 13. Bxf3 Bh3 14. Bg4 (14. Bxd5 $1 $11 Qf5 15. Be4 Rxd2 16. Bxf5 Rxd1+ 17. Kxd1 Bxf5 18. Re1) 14... Bc5 {[%emt 0:03:56] [#]} 15. Bd7+ $1 Bxd7 16. cxd7+ Rxd7 17. Qe2 (17. O-O $17 {is a better defense.}) 17... Rf7 18. O-O Ne7 19. Kg2 O-O 20. f3 Nf5 21. Nb3 Bb6 22. a4 Qg6 23. Qxe5 (23. a5 $142 Ba7 24. f4) 23... Nh4+ 24. Kh1 Nxf3 25. Qxd5 $19 c6 26. Qd1 Qe4 0-1

[Event "GER-chT Youth Countries 2018"]
[Site "Wurzburg"]
[Date "2018.10.06"]
[Round "6"]
[White "Metzdorf, Matteo"]
[Black "Weidenhoefer, Max"]
[Result "1-0"]
[ECO "B18"]
[WhiteElo "1806"]
[BlackElo "1596"]
[Annotator "NA RC"]
[PlyCount "79"]
[EventDate "2018.10.03"]
[EventType "team-tourn"]
[EventCountry "GER"]
[SourceTitle "playchess.com"]
[Source "ChessBase"]
[SourceQuality "1"]
[TimeControl "40/5400+30:1800+30"]

1. e4 c6 2. d4 d5 3. Nc3 dxe4 4. Nxe4 Bf5 5. Ng3 Bg6 6. Nh3 e6 7. Nf4 Bd6 8. h4 Qc7 9. Nxg6 hxg6 10. Ne4 {[%emt 0:00:29] B18: Classical Caro-Kann: 4...Bf5 sidelines} Be7 (10... Bf4 11. Bxf4 Qxf4 {½-½ (11) Delchev,A (2558)-Jobava,B (2669) Gallipoli 2018}) 11. g3 Nf6 12. Ng5 Nd5 $146 (12... O-O $11 {remains equal.}) ({Predecessor:} 12... Nbd7 13. Bg2 Qa5+ 14. c3 Qa6 15. Qb3 O-O 16. Bd2 e5 17. O-O-O exd4 18. cxd4 {½-½ (45) Margolin,B (2398)-Hahn,M (2303) Germany 2015}) 13. c3 Nd7 14. Bg2 N7f6 15. O-O O-O 16. Re1 (16. c4 $16) 16... Rfd8 (16... c5 $14) 17. Bh3 Qd6 (17... c5 $16) 18. Qc2 Bf8 {[%emt 0:09:04] [#]} 19. Nxf7 $1 Kxf7 20. Bxe6+ Qxe6 21. Rxe6 Kxe6 22. Qxg6 Ne7 23. Qc2 Kf7 24. Qb3+ Nfd5 25. Bg5 Rd7 26. Re1 Kg8 27. c4 Nb6 28. Qe3 (28. Qc2 $18 {und Weiss behält klar die Oberhand.}) 28... Kh8 $2 (28... Nf5 {is more resistant.} 29. Qe6+ Rf7) 29. Qe6 Rc7 30. Qf7 Ned5 31. Qh5+ Kg8 32. cxd5 cxd5 33. Qg6 Rac8 34. Re8 Rxe8 35. Qxe8 Rc8 36. Qe6+ Kh8 37. h5 Rc2 $18 38. Qf7 Rc8 39. Qxb7 Ra8 40. a4 1-0